 Dungeon Crawl Stone Soup version 0.22.0-32-gbc6daba (webtiles) character file.

34 Monsterracer the Grasshopper (level 3, 0/16 HPs)
             Began as a Felid Warper on Aug 24, 2018.
             Succumbed to an adder's poison
             ... on level 1 of the Dungeon.
             The game lasted 00:02:22 (1772 turns).

Monsterracer the Grasshopper (Felid Warper)         Turns: 1772, Time: 00:02:23

Health: 0/16       AC:  1    Str:  5 (7)  XL:     3   Next: 14%
Magic:  6/7        EV: 18    Int: 12 (15) God:
Gold:   44         SH:  0    Dex: 14 (15) Spells: 2/6 levels left
                                        Lives:  0   Deaths: 0

rFire    . . .     SeeInvis +     - Unarmed
rCold    . . .     Gourm    .   (shield unavailable)
rNeg     . . .     Faith    .   (armour unavailable)
rPois    .         Spirit   .   (helmet unavailable)
rElec    .         Reflect  .   (cloak unavailable)
rCorr    .         Harm     .   (gloves unavailable)
MR       .....                  (boots unavailable)
Stlth    ++........             (no amulet)
HPRegen  0.05/turn              (no ring)
MPRegen  0.10/turn              (no ring)

@: lethally poisoned (0 -> -7), quick
A: very small, no armour, no weapons or thrown items, stealth, claws 1, fangs 3,
see invisible, carnivore, speed 1, shaggy fur 1, slow metabolism 1, sharp paws
a: no special abilities


You were on level 1 of the Dungeon.
You were completely stuffed.

You visited 1 branch of the dungeon, and saw 2 of its levels.

You collected 44 gold pieces.

Inventory:

Scrolls
 b - a scroll of blinking
 d - a scroll of enchant weapon {unknown}
 e - a scroll of identify {unknown}
 g - a scroll of immolation {unknown}
 i - a scroll of enchant armour {unknown}
Potions
 a - a potion of degeneration
 f - a potion of might {unknown}
 h - a potion of agility {unknown}
Comestibles
 c - a ration


   Skills:
 - Level 2.0 Fighting
 - Level 3.2 Dodging
 + Level 2.1 Stealth
 * Level 3.2 Unarmed Combat
 - Level 2.0 Spellcasting
 - Level 4.4 Translocations


You had 2 spell levels left.
You knew the following spells:

 Your Spells              Type           Power        Failure   Level  Hunger
a - Shroud of Golubria    Chrm/Tloc      #.........   17%         2    ###....
e - Blink                 Tloc           N/A          7%          2    ###....

Your spell library contained the following spells:

 Spells                   Type           Power        Failure   Level  Hunger
 Gell's Gravitas          Tloc           ##........   14%         3    ####...
 Lesser Beckoning         Tloc           ##........   14%         3    ####...
 Teleport Other           Tloc           ##......     14%         3    ####...
 Passage of Golubria      Tloc           N/A          41%         4    #####..


Dungeon Overview and Level Annotations

Branches:
Dungeon (2/15)

Altars:
Cheibriados


Innate Abilities, Weirdness & Mutations

You cannot wear armour.
You are incapable of wielding weapons or throwing items.
Your paws allow you to move quietly. (Stealth)
You have sharp claws.
You have razor-sharp teeth.
You have supernaturally acute eyesight. (SInv)
You are carnivorous and can eat meat at any time.
You cover ground quickly.
You are covered in fur. (AC +1)
You have a slow metabolism.
Your sharp claws are effective at attacking unaware monsters.


Message History

You scratch the hobgoblin.
You kill the hobgoblin!
No target in view!
You now have 44 gold pieces (gained 13).
You see here a kobold skeleton.
Done exploring.
No target in view!
Done exploring.
No target in view!
Done exploring.
No target in view!
No target in view!
There is a stone staircase leading down here.
You climb downwards.
Found a stone staircase leading down.
There is a stone staircase leading up here.
Found a snail-covered altar of Cheibriados.
No target in view!
A ball python comes into view.
Found a stone staircase leading up.
A bat and an adder come into view.
The ball python hisses angrily.
The bat barely misses you. The bat closely misses you.
Found a scroll labeled HOFFOA NOEM.
You scratch the bat but do no damage. The bat closely misses you.
The ball python closely misses you. x2
The bat hits you but does no damage. The bat completely misses you.
The bat hits you.
There is a stone staircase leading up, spattered with blood here.
You take 1 damage, and have 15/16 hp.
You barely miss the bat. The bat hits you.
You take 1 damage, and have 14/16 hp.
The bat hits you but does no damage.
There is a stone staircase leading up, spattered with blood here.
You closely miss the bat. The bat misses you. The bat barely misses you.
You climb upwards.
There is a stone staircase leading down here.
You scratch the adder but do no damage. The adder bites you.
You take 4 damage, and have 10/16 hp.
MASSIVE DAMAGE!!
You miss the adder. The adder barely misses you.
You scratch the adder.
The adder is heavily wounded.
The adder bites you.
* * * LOW HITPOINT WARNING * * *
You take 5 damage, and have 5/16 hp.
MASSIVE DAMAGE!!
Unknown command.
You miss the adder.
The adder is heavily wounded.
The adder completely misses you. The adder closely misses you.
You scratch the adder. Your claw misses the adder.
You bite the adder, but do no damage.
The adder is heavily wounded.
The adder misses you.
You aren't carrying any items that you can evoke.
Unknown command.
Cast which spell? (? or * to list)
You blink.
You now have 5/7 mp.
You scratch the adder but do no damage.
The adder is heavily wounded.
The adder barely misses you. The adder completely misses you.
You closely miss the adder.
The adder is heavily wounded.
The adder misses you.
You closely miss the adder.
The adder is heavily wounded.
The adder completely misses you.
You miss the adder. Your bite misses the adder.
The adder is moderately wounded.
The adder closely misses you.
Okay, then.
You barely miss the adder.
The adder is moderately wounded.
The adder closely misses you. The adder completely misses you.
You barely miss the adder.
The adder is moderately wounded.
The adder closely misses you.
You closely miss the adder.
The adder is moderately wounded.
The adder barely misses you.
You barely miss the adder.
The adder is moderately wounded.
The adder misses you.
You barely miss the adder.
The adder is moderately wounded.
The adder misses you. The adder barely misses you.
You scratch the adder.
The adder is severely wounded.
The adder bites you.
* * * LOW HITPOINT WARNING * * *
You are lethally poisoned!
The adder poisons you!
You take 5 damage, and have 1/16 hp.
MASSIVE DAMAGE!!
Unknown command.
It was a potion of degeneration.
There was something very wrong with that liquid.
You feel weakened.
You feel dopey.
You feel clumsy.
You die...

#....#.#.##.......'......######
#.........#...)...######## #
#....#.#.##......## #
#...........####.# #
#....#.#.#..# #.# #
#.........#.####.# ##
#....#.#.##....#.#### #.
#.........#.##S#....# #.
#....#.#.##...@####.# #.
#.........#.##.# #.# #.
#....#.#.##.##.####.### ###.
####....†.#.......#...# #...
#.#.#.########.###.# #.##
#..............# #.### #.#
###.#.########.# #...# #.#
##### ### ###.####.# #......#


You could see an adder.

Vanquished Creatures
  3 dart slugs (D:1)
  A giant cockroach (D:1)
  4 goblins (D:1)
  3 hobgoblins (D:1)
  6 bats (D:1)
  3 frilled lizards (D:1)
  4 kobolds (D:1)
  3 rats (D:1)
27 creatures vanquished.

Notes
Turn   | Place    | Note
-------+----------+-------------------------------------------
     0 | D:1      | Monsterracer the Felid Warper began the quest for the Orb.
     0 | D:1      | Reached XP level 1. HP: 9/9 MP: 4/4
   184 | D:1      | Reached skill level 1 in Stealth
   397 | D:1      | HP: 4/9 [kobold/club (3)]
   430 | D:1      | Reached XP level 2. HP: 7/13 MP: 6/6
   999 | D:1      | HP: 4/13 [dart slug/slug dart (4)]
  1268 | D:1      | HP: 6/13 [hobgoblin (3)]
  1297 | D:1      | HP: 6/13 [hobgoblin (5)]
  1301 | D:1      | Reached XP level 3. HP: 7/16 MP: 7/7
  1305 | D:1      | Learned a level 2 spell: Blink
  1479 | D:1      | Learned a level 2 spell: Shroud of Golubria
  1730 | D:2      | Found a snail-covered altar of Cheibriados.
  1751 | D:1      | HP: 5/16 [adder (5)]
  1771 | D:1      | HP: 1/16 [adder (5)]
  1772 | D:1      | Succumbed to an adder's poison

Skill      XL: |  1  2 |
---------------+-------+-----
Stealth        | 1 2 |  2.1
Unarmed Combat | 3 |  3.2
Fighting       | |  2.0
Dodging        | |  3.2
Spellcasting   | |  2.0
Translocations | |  4.4

Action                   || total
-------------------------++-------
Melee: Unarmed           ||   107
       Bite              ||    12
 Cast: Blink             ||     1
  Use: Potion            ||     3
 Stab: Sleeping          ||     2
  Eat: Chunk             ||     9
Armor: Skin              ||    14
Dodge: Dodged            ||    99

Vault maps used:
D:1:      dpeg_arrival_shelter, st_stairs_13
D:2:      cheibriados_altar_1
